 Dungeon Crawl Stone Soup version 0.21-a0-414-gba8bdf1 (webtiles) character file.

65 papiloppo the Chopper (level 3, -1/33 HPs)
             Began as a Minotaur Berserker on Nov 2, 2017.
             Was a Follower of Trog.
             Slain by a kobold
             ... wielding a +0 dagger
              (5 damage)
             ... on level 2 of the Dungeon.
             The game lasted 00:14:02 (1858 turns).

papiloppo the Chopper (Minotaur Berserker)          Turns: 1858, Time: 00:14:02

Health: -1/33      AC:  3    Str: 22    XL:     3   Next: 92%
Magic:  2/2        EV: 12    Int:  4    God:    Trog [*.....]
Gold:   109        SH:  0    Dex:  9    Spells: 2/2 levels left

rFire    . . .     SeeInvis .   a - +0 hand axe
rCold    . . .     Gourm    .   (no shield)
rNeg     . . .     Faith    .   b - +0 animal skin
rPois    .         Spirit   .   (helmet restricted)
rElec    .         Reflect  .   i - +0 cloak
rCorr    .         Harm     .   (no gloves)
MR       .....                  (no boots)
Stlth    +.........             (no amulet)
HPRegen  0.11/turn              (no ring)
MPRegen  0.08/turn              (no ring)

@: berserk cooldown, slowed, very slow
A: retaliatory headbutt, horns 2
a: Berserk, Burn Spellbooks, Renounce Religion


You were on level 2 of the Dungeon.
You worshipped Trog.
Trog was aware of your devotion.
You were not hungry.

You visited 1 branch of the dungeon, and saw 2 of its levels.

You collected 109 gold pieces.

Inventory:

Hand Weapons
 a - a +0 hand axe (weapon)
 c - a +0 club
Armour
 b - a +0 animal skin (worn)
 g - a +0 ring mail
 i - a +0 cloak (worn)
Scrolls
 d - 2 scrolls of enchant weapon {unknown}
 e - 2 scrolls of remove curse {unknown}
 f - a scroll of immolation {unknown}
 h - a scroll of noise {unknown}
 l - 3 scrolls of identify {unknown}
Potions
 j - a potion of berserk rage {unknown}
 m - a potion of mutation {unknown}
Comestibles
 k - a chunk of flesh
 n - 3 fruits
 o - a royal jelly
 p - 2 meat rations


   Skills:
 + Level 4.2 Fighting
 + Level 4.2 Axes
 + Level 3.3 Armour
 + Level 3.0 Dodging


You had 2 spell levels left.
You didn't know any spells.

Dungeon Overview and Level Annotations

Branches:
Dungeon (2/15)

Altars:


Innate Abilities, Weirdness & Mutations

You reflexively headbutt those who attack you in melee.
You have a pair of horns on your head.


Message History

Trog accepts your kill. The kobold hits you with a dagger.
* * * LOW HITPOINT WARNING * * *
The kobold closely misses you.
You are too injured to fight recklessly!
You are too injured to fight recklessly!
The kobold misses you.
Some of the chunks of flesh in your inventory have rotted away.
You are too injured to fight recklessly!
You are too injured to fight recklessly!
You are too injured to fight recklessly!
You are too injured to fight recklessly!
You are too injured to fight recklessly!
You are too injured to fight recklessly!
The kobold misses you.
You are too injured to fight recklessly!
You are too injured to fight recklessly!
You are too injured to fight recklessly!
The kobold hits you with a dagger.
You die...

......# #####...# ..... ####
#...# ... ...## #...# #.# #...#
#...# #.##########...# #...###
####.#.......# ...#########)..#..
#.)†.....†.#.####.##...........##
#†##.#.....#.#.................#
#.##.#.........K@.##...........##
.....#.......#.##.##.####.#...#..
..#####.######.##..#.# #.#...#.#
.h......# #.###.#.# #.#...#.#
.######## #.......# #.......# .#
#####.### #.....#.# .. #.#
#.......# .. #.# ##....... .?.
... #####.#..#..


You could see a kobold.

Vanquished Creatures
  4 adders (D:2)
  A leopard gecko (D:2)
  A giant cockroach (D:1)
  A goblin (D:1)
  3 hobgoblins
  5 jackals (D:2)
  A quokka (D:2)
  A ball python (D:2)
  2 bats (D:2)
  2 frilled lizards
  5 kobolds
  3 rats
29 creatures vanquished.

Notes
Turn   | Place    | Note
-------+----------+-------------------------------------------
     0 | D:1      | papiloppo the Minotaur Berserker began the quest for the Orb.
     0 | D:1      | Reached XP level 1. HP: 19/19 MP: 0/0
   721 | D:1      | Reached XP level 2. HP: 16/27 MP: 1/1
  1415 | D:2      | Reached XP level 3. HP: 33/33 MP: 2/2
  1858 | D:2      | Slain by a kobold

Vault maps used:
D:1:      ncdulo_lavacross
D:2:      marbit_many_paths, ashenzari_conservatory_becter,
          mrwooster_statue_mirror, uniq_jessica

Skill      XL: |  1  2  3 |
---------------+----------+-----
Fighting       | 4 |  4.2
Axes           | 4 |  4.2
Armour         | 3 |  3.3
Dodging        | 3 |  3.0

Action                   || total
-------------------------++-------
Melee: Hand axe          ||    70
       Headbutt          ||     7
Invok: Berserk           ||     2
  Eat: Bread ration      ||     1
Armor: Animal skin       ||    16
Dodge: Dodged            ||    50

Table legend:
 A = Spawn XP
 B = Non-spawn XP
 C = Spawn XP percentage of total XP
 D = Spawn monster count
 E = Non-spawn monster count
 F = Spawn count percentage of total count
 G = Total turns spent on level
                    A         B        C        D         E        F      G
               +---------+---------+-------+---------+---------+-------+---------
         Total |       0 |      93 |   0.0 |       0 |      29 |   0.0 |  1858
               +---------+---------+-------+---------+---------+-------+---------
           D:1 |       0 |      14 |   0.0 |       0 |       9 |   0.0 |  1215
           D:2 |       0 |      79 |   0.0 |       0 |      20 |   0.0 |   643
               +---------+---------+-------+---------+---------+-------+---------
